 Dungeon Crawl Stone Soup version 0.23.1 (webtiles) character file.

Game seed: 0

42455 SilentRunner the Impaler (level 13, -8/118 HPs)
             Began as a Minotaur Fighter on Mar 7, 2019.
             Was the Champion of Okawaru.
             Mangled by an alligator (13 damage)
             ... on level 1 of the Swamp.
             The game lasted 02:47:39 (18308 turns).

SilentRunner the Impaler (Minotaur Fighter)        Turns: 18308, Time: 02:47:41

Health: -8/118     AC: 17    Str: 26    XL:     13   Next: 85%
Magic:  12/12      EV: 18    Int:  9    God:    Okawaru [******]
Gold:   894        SH: 16    Dex: 10    Spells: 12/12 levels left

rFire    . . .     SeeInvis +   M - +2 spear (vamp)
rCold    . . .     Gourm    .   c - +2 shield
rNeg     . . .     Faith    .   b - +2 scale mail
rPois    +         Spirit   .   (helmet restricted)
rElec    .         Reflect  .   P - +1 cloak {rPois}
rCorr    .         Harm     .   (no gloves)
MR       +....                  u - +2 pair of boots {Fly}
Stlth    +.........             (no amulet)
HPRegen  0.29/turn              H - +4 ring of evasion
MPRegen  0.13/turn              B - ring "Toseah" {+Blink MR+ Int+4 SInv}

@: flying
A: retaliatory headbutt, horns 2
a: Heroism, Finesse, Renounce Religion, Evoke Blink, Stop Flying


You were on level 1 of the Swamp.
You worshipped Okawaru.
Okawaru was exalted by your worship.
You were not hungry.

You visited 4 branches of the dungeon, and saw 18 of its levels.
You also visited: Ice Cave.

You collected 894 gold pieces.

Inventory:

Hand Weapons
 d - a +2 morningstar of holy wrath
 h - a +3 spear of freezing
 y - the +1 whip "Quonanub" {slash, *Contam +Inv MP+9 Str+4}
   (You found it on level 1 of the Lair of Beasts)

   It inflicts extra damage upon your enemies.
   It affects your strength (+4).
   It affects your magic capacity (+9).
   It lets you turn invisible.
   It causes magical contamination when unequipped.
 C - a cursed -1 falchion
 M - a +2 vampiric spear (weapon)
 Y - a +4 scimitar of flaming
Missiles
 j - 27 tomahawks (quivered)
Armour
 b - a +2 scale mail (worn)
 c - a +2 shield (worn)
 u - a +2 pair of boots of flying (worn)
 J - a +1 cloak of magic resistance
 P - a +1 cloak of poison resistance (worn)
 V - the +6 ring mail of Sodi {-Tele rC++ Int-2 Dex+8}
   (Okawaru gifted it to you on level 10 of the Dungeon)

   It affects your intelligence (-2).
   It affects your dexterity (+8).
   It greatly protects you from cold.
   It prevents most forms of teleportation.
Jewellery
 m - an uncursed ring of protection from fire
 B - the ring "Toseah" (right hand) {+Blink MR+ Int+4 SInv}
   (You found it on level 5 of the Lair of Beasts)

   [ring of intelligence]

   It affects your intelligence (+4).
   It affects your resistance to hostile enchantments.
   It lets you see invisible.
   It lets you blink.
 H - a +4 ring of evasion (left hand)
 U - an uncursed ring of poison resistance
 Z - an uncursed ring of ice
Wands
 g - a wand of polymorph (10)
 D - a wand of paralysis (12)
 G - a wand of enslavement (30)
 K - a wand of acid (8)
 L - a wand of digging (6)
 R - a wand of scattershot (2)
 W - a wand of iceblast (7)
Scrolls
 a - 2 scrolls of summoning {unknown}
 e - 2 scrolls of blinking
 i - 2 scrolls of magic mapping
 l - 5 scrolls of amnesia
 n - a scroll of identify
 p - 6 scrolls of remove curse
 q - 10 scrolls of teleportation
 w - a scroll of silence {unknown}
 F - a scroll of torment {unknown}
 O - a scroll of fog
 S - a scroll of holy word {unknown}
Potions
 k - a potion of might
 o - 4 potions of mutation
 r - 2 potions of resistance {unknown}
 s - 4 potions of haste
 v - 2 potions of berserk rage
 x - a potion of degeneration {unknown}
 z - a potion of agility
 A - 5 potions of flight
 N - a potion of ambrosia
 Q - 7 potions of lignification
 T - 2 potions of brilliance
 X - 2 potions of heal wounds
Miscellaneous
 E - a sack of spiders
Comestibles
 f - 23 rations


   Skills:
 + Level 12.2 Fighting
 * Level 15.3 Polearms
 * Level 11.8 Armour
 + Level 8.1 Dodging
 + Level 2.5 Stealth
 - Level 15.0 Shields
 + Level 0.5 Invocations
 + Level 0.1 Evocations


You had 12 spell levels left.
You didn't know any spells.
Your spell library contained the following spells:

 Spells                   Type           Power        Failure   Level  Hunger
 Sandblast                Erth           #.....       61%         1    ##.....
 Passwall                 Tmut/Erth      #.......     75%         2    ###....
 Shroud of Golubria       Chrm/Tloc      #.........   75%         2    ###....
 Stone Arrow              Conj/Erth      #.....       93%         3    ####...
 Petrify                  Tmut/Erth      #.......     100%        4    #####..
 Bolt of Magma            Conj/Fire/Erth #.........   100%        5    ######.
 Excruciating Wounds      Chrm/Necr      #.........   100%        5    ######.
 Irradiate                Conj/Tmut      #.........   100%        5    ######.
 Iskenderun's Battlesphe  Conj/Chrm      #.......     100%        5    ######.
 Lee's Rapid Deconstruct  Erth           #.........   100%        5    ######.
 Venom Bolt               Conj/Pois      #.........   100%        5    ######.
 Hydra Form               Tmut           #.........   100%        6    #######
 Iron Shot                Conj/Erth      #.........   100%        6    #######
 Statue Form              Tmut/Erth      #........    100%        6    #######
 Dragon Form              Tmut           #.........   100%        7    #######
 Orb of Destruction       Conj           #.........   100%        7    #######
 Spellforged Servitor     Conj/Summ      #.........   100%        7    #######


Dungeon Overview and Level Annotations

Branches:
Dungeon (11/15)            Temple (1/1) D:5            Lair (5/6) D:11
  Swamp (1/4) Lair:3       Spider (0/4) Lair:3        Slime (0/5) Lair:5
    Orc (0/2) D:11

Altars:
Ashenzari
Cheibriados
Dithmenos
Elyvilon
Fedhas
Gozag
Hepliaklqana
Kikubaaqudgha
Makhleb
Nemelex Xobeh
Okawaru
Qazlal
Ru
Sif Muna
Trog
Uskayaw
Vehumet
Wu Jian
Xom
Yredelemnul
Zin
The Shining One
Beogh
Jiyva


Innate Abilities, Weirdness & Mutations

You reflexively headbutt those who attack you in melee.
You have a pair of horns on your head.


Message History

The alligator is heavily wounded.
You block the tyrant leech's attack. You block the alligator's attack.
The alligator tail-slaps you but does no damage.
You hit the alligator but do no damage.
The alligator is heavily wounded.
You barely miss the alligator.
The alligator is heavily wounded.
You block the alligator's attack. x2; The tyrant leech barely misses you.
You hit the alligator. You headbutt the alligator!
The alligator is heavily wounded.
You block the alligator's attack. x2
You hit the alligator.
You feel better.
The alligator is heavily wounded.
You hit the alligator.
You feel better.
You headbutt the alligator.
The alligator is severely wounded.
The tyrant leech bites you!!
* * * LOW HITPOINT WARNING * * *
The tyrant leech draws strength from your injuries!
The alligator bites you!
You die...

♣♣♣♣♣♣♣♣♣♣ ♣≈......≈♣♣
♣.≈≈≈≈≈≈≈.♣
♣.≈≈≈≈≈≈≈.♣ ..♣..♣♣
♣.<≈≈≈≈>.♣≈.≈♣ ......♣
♣♣.≈≈≈..♣♣ ♣.≈≈.≈..≈..
♣♣♣...≈♣♣♣♣♣ ♣♣≈≈.....
♣...§t@w...♣♣♣.yk≈.≈..
♣≈.≈≈≈≈.≈≈≈.♣♣.≈≈....♣
♣♣.≈≈≈≈≈≈≈≈..≈.≈≈≈≈≈..
♣≈..≈≈≈≈........≈≈≈≈≈.
♣♣♣♣♣...≈≈...≈≈≈..≈≈≈≈
♣.......≈≈≈≈≈≈≈≈≈..
§.≈≈.≈.≈≈≈≈≈≈≈≈≈≈≈≈.
....≈..≈≈≈≈≈≈≈≈≈≈≈≈.
♣≈≈≈..≈≈≈≈≈≈≈≈≈≈.≈≈≈


You could see an alligator and a tyrant leech.

Vanquished Creatures
  Gastronok (D:8)
  Josephine (D:10)
  6 hydras
  Fannar (Lair:3)
  Erica (D:10)
  The ghost of Kairos the Cleaver, a journeyman VSFi of Okawaru (Lair:3)
  A two-headed ogre (D:11)
  A death yak (D:10)
  Sonja (D:10)
  An unseen horror (D:11)
  Pikel (D:6)
  A wolf spider (Lair:3)
  An ugly thing (D:11)
  An oklob plant (Lair:4)
  3 elephants (Lair:3)
  A black mamba (Lair:1)
  13 spiny frogs
  4 komodo dragons
  3 trolls (D:10)
  4 jumping spiders (Lair:3)
  2 polar bears
  8 hippogriffs
  A hornet (Lair:4)
  13 blink frogs
  A centaur simulacrum (D:10)
  A shadow (D:11)
  4 wraiths (D:10)
  2 wyverns
  38 yaks
  2 basilisks
  Grum (D:8)
  A steam dragon (D:7)
  4 vampire mosquitoes (Lair:3)
  A hungry ghost (D:11)
  2 wargs (D:11)
  16 water moccasins
  5 porcupines
  A swamp drake (Swamp:1)
  3 orc warriors
  9 ice beasts
  2 sky beasts
  3 black bears
  A necrophage (D:11)
  2 ogres
  3 phantoms
  7 wolves
  A centaur (D:11)
  4 crocodiles
  3 big kobolds
  Blork the orc (D:6)
  17 bullfrogs
  A wyvern zombie (D:9)
  A hornet simulacrum (D:10)
  3 scorpions
  A water moccasin skeleton (D:6)
  5 wights (D:8)
  18 killer bees
  4 howler monkeys
  An electric eel (Lair:3)
  7 crimson imps
  A centaur zombie (D:6)
  2 quasits
  8 hounds
  3 jellies (D:8)
  2 centaur skeletons
  7 orc priests
  4 iguanas
  8 worker ants
  8 orc wizards
  2 hound skeletons
  A howler monkey zombie (D:8)
  A worker ant zombie (D:7)
  7 gnolls
  28 adders
  A hound simulacrum (D:10)
  2 shadow imps
  17 white imps
  3 ufetubi (D:10)
  7 oozes
  2 adder skeletons
  A worm (D:2)
  2 dart slugs
  3 leopard geckos
  53 orcs
  4 giant cockroaches
  4 goblins (D:1)
  2 hobgoblins
  10 jackals
  17 kobolds
  5 quokkas
  2 ball pythons
  7 bats
  4 frilled lizards
  A leopard gecko zombie (D:5)
  6 rats
  A plant (Lair:3)
483 creatures vanquished.

Vanquished Creatures (others)
  A hornet (Swamp:1)
  23 fungi
  30 plants
54 creatures vanquished.

Grand Total: 537 creatures vanquished

Notes
Turn   | Place    | Note
-------+----------+-------------------------------------------
     0 | D:1      | SilentRunner the Minotaur Fighter began the quest for the
                  | Orb.
     0 | D:1      | Reached XP level 1. HP: 19/19 MP: 0/0
   112 | D:1      | Reached XP level 2. HP: 24/27 MP: 1/1
   513 | D:1      | Reached XP level 3. HP: 31/33 MP: 2/2
  2344 | D:4      | Noticed a phantom
  2380 | D:4      | Killed a phantom
  2380 | D:4      | Reached skill level 5 in Armour
  2380 | D:4      | Reached XP level 4. HP: 23/40 MP: 3/3
  2380 | D:4      | Reached XP level 5. HP: 27/46 MP: 4/4
  2915 | D:4      | Reached skill level 1 in Dodging
  2915 | D:4      | Reached XP level 6. HP: 35/53 MP: 5/5
  3596 | D:5      | Entered Level 5 of the Dungeon
  3675 | D:5      | Found a staircase to the Ecumenical Temple.
  3710 | Temple   | Entered the Ecumenical Temple
  3806 | Temple   | Became a worshipper of Warmaster Okawaru
  3876 | D:5      | Reached skill level 5 in Polearms
  3881 | D:5      | Reached skill level 5 in Shields
  3997 | D:5      | Found a snail-covered altar of Cheibriados.
  4004 | D:5      | Noticed an ice beast
  4019 | D:5      | Killed an ice beast
  4024 | D:5      | Reached XP level 7. HP: 60/60 MP: 6/6
  4107 | D:5      | Reached * piety under Okawaru
  4107 | D:5      | Reached skill level 1 in Stealth
  4127 | D:5      | Reached skill level 5 in Fighting
  4674 | D:6      | Reached XP level 8. HP: 68/68 MP: 7/7
  4878 | D:6      | Reached ** piety under Okawaru
  5023 | D:6      | Noticed Pikel
  5056 | D:6      | Killed Pikel
  5087 | D:6      | Reached *** piety under Okawaru
  5088 | D:6      | Noticed Blork the orc
  5101 | D:6      | Killed Blork the orc
  5734 | D:7      | Reached XP level 9. HP: 59/75 MP: 8/8
  6140 | D:7      | Reached **** piety under Okawaru
  6826 | D:8      | Noticed Gastronok
  6870 | D:8      | Noticed Grum
  6913 | D:7      | Reached skill level 10 in Polearms
  7172 | D:8      | Killed Grum
  7172 | D:8      | Reached ***** piety under Okawaru
  7407 | D:8      | Killed Gastronok
  7407 | D:8      | Received a gift from Okawaru
  7407 | D:8      | Reached skill level 10 in Shields
  7407 | D:8      | Reached XP level 10. HP: 37/86 MP: 7/9
  7853 | D:8      | Received a gift from Okawaru
  8050 | D:8      | Got a faintly glowing leather armour
  8086 | D:8      | Identified the +0 leather armour of Wuankoto {rPois rCorr}
                  | (You found it on level 8 of the Dungeon)
  8328 | D:8      | Found a roughly hewn altar of Beogh.
  9209 | D:10     | Entered Level 10 of the Dungeon
  9334 | D:10     | Reached XP level 11. HP: 94/94 MP: 10/10
  9411 | D:10     | Noticed Sonja
  9793 | D:10     | Killed Sonja
  9904 | D:10     | Noticed a death yak
  9937 | D:10     | Killed a death yak
  9951 | D:10     | Noticed Josephine
 10534 | D:10     | Noticed Erica
 10562 | D:10     | Killed Erica
 11104 | D:10     | Killed Josephine
 11104 | D:10     | Received a gift from Okawaru
 11104 | D:10     | Reached skill level 5 in Dodging
 11168 | D:10     | Got a shimmering ring mail {god gift}
 11197 | D:10     | Identified the +6 ring mail of Sodi {-Tele rC++ Int-2
                  | Dex+8} (Okawaru gifted it to you on level 10 of the
                  | Dungeon)
 11347 | D:11     | Noticed a two-headed ogre
 11374 | D:11     | Killed a two-headed ogre
 11452 | D:11     | Killed an unseen horror
 11503 | D:11     | Reached XP level 12. HP: 103/105 MP: 11/11
 11676 | D:11     | Found a staircase to the Lair.
 11824 | D:11     | Found a glowing golden altar of the Shining One.
 12127 | D:11     | Found a shattered altar of Ashenzari.
 12352 | D:11     | Found a staircase to the Orcish Mines.
 12432 | Lair:1   | Entered Level 1 of the Lair of Beasts
 12447 | Lair:1   | Got a polished whip
 12718 | Lair:1   | Reached skill level 15 in Shields
 12794 | Lair:1   | Noticed an eight-headed hydra
 12816 | Lair:1   | Killed an eight-headed hydra
 12816 | Lair:1   | Received a gift from Okawaru
 12816 | Lair:1   | Reached skill level 10 in Armour
 12918 | Lair:1   | Reached ****** piety under Okawaru
 13019 | Lair:1   | Reached skill level 10 in Fighting
 14017 | Lair:2   | Noticed an eight-headed hydra
 14040 | Lair:2   | Killed an eight-headed hydra
 14252 | Lair:2   | Reached XP level 13. HP: 107/115 MP: 12/12
 14797 | Lair:3   | Received a gift from Okawaru
 14890 | Lair:3   | Identified the +1 whip "Quonanub" {slash, *Contam +Inv MP+9
                  | Str+4} (You found it on level 1 of the Lair of Beasts)
 14925 | Lair:3   | Noticed Fannar
 14968 | Lair:3   | Killed Fannar
 15186 | Lair:3   | Found a runed translucent door.
 15186 | Lair:3   | Noticed Kairos's ghost (journeyman VSFi)
 15249 | Lair:3   | Killed Kairos's ghost
 15255 | Lair:3   | Identified the Grimoire of Ashen Good Luck
 15363 | Lair:3   | You are sucked into a shaft for 2 floors!
 15621 | Lair:5   | Found a staircase to the Slime Pits.
 15622 | Lair:5   | Found a viscous altar of Jiyva.
 16094 | Lair:5   | Got a transparent tin ring
 16096 | Lair:5   | Identified the ring "Toseah" {+Blink MR+ Int+4 SInv} (You
                  | found it on level 5 of the Lair of Beasts)
 16327 | Lair:4   | Found a frozen archway.
 16389 | IceCv    | Entered an ice cave
 16852 | Lair:4   | Received a gift from Okawaru
 16852 | Lair:4   | Reached skill level 15 in Polearms
 17067 | Lair:4   | Found a glowing silver altar of Zin.
 17588 | Lair:3   | Found a staircase to the Swamp.
 17798 | Lair:3   | Found a hole to the Spider Nest.
 18242 | Swamp:1  | Entered Level 1 of the Swamp
 18308 | Swamp:1  | HP: 5/118 [tyrant leech (27)]
 18308 | Swamp:1  | Mangled by an alligator

Skill      XL: |  1  2  3  4  5  6  7  8  9 10 11 12 13 |
---------------+----------------------------------------+-----
Armour         | 4 5 6 7 8 9 10 11 | 11.8
Shields        | 4 5 6 7 10 11 13 15 | 15.0
Polearms       | 4 5 6 8 11 12 13 15 | 15.3
Fighting       | 4 5 6 7 8 9 10 12 | 12.2
Dodging        | 1 2 3 4 5 6 8 |  8.1
Stealth        | 1 2 |  2.5
Invocations    | |  0.5
Evocations     | |  0.1

Action                   |  1- 3 |  4- 6 |  7- 9 | 10-12 | 13-15 || total
-------------------------+-------+-------+-------+-------+-------++-------
Melee: Trident           |   123 |   107 |   353 |       |       ||   583
       Headbutt          |    23 |    21 |    65 |   308 |   192 ||   609
       Spear             |       |       |    35 |  1352 |   693 ||  2080
Invok: Heroism           |       |       |     3 |     2 |     1 ||     6
 Abil: Evoke Blink       |       |       |       |       |     1 ||     1
Evoke: Wand              |       |     1 |     1 |     3 |       ||     5
  Use: Scroll            |    12 |     3 |     6 |     9 |     2 ||    32
       Potion            |     1 |       |     8 |     1 |     1 ||    11
 Stab: Paralysed         |       |     4 |       |       |       ||     4
  Eat: Chunk             |     3 |     4 |     4 |     7 |     8 ||    26
       Ration            |     1 |       |     2 |     6 |     3 ||    12
Armor: Scale mail        |    57 |    32 |    75 |   170 |   158 ||   492
       Ring mail         |       |       |       |       |    15 ||    15
Dodge: Dodged            |    40 |    17 |   174 |   343 |   258 ||   832
Block: Shield            |    59 |    44 |   304 |   612 |   380 ||  1399
